 Dungeon Crawl Stone Soup version 0.27-a0-652-g2d5cf1dcd3 (webtiles) character file.

Game seed: 14969455583762464469

27 Johnny the Digger (level 2, -2/16 HPs)
             Began as a Deep Elf Earth Elementalist on Mar 16, 2021.
             Slain by a goblin (6 damage)
             ... led by Robin
             ... on level 2 of the Dungeon.
             The game lasted 00:00:48 (1007 turns).

Johnny the Digger (Deep Elf Earth Elementalist)     Turns: 1007, Time: 00:00:48

Health: -2/16      AC:  3    Str:  5    XL:     2   Next: 93%
Magic:  0/8        EV: 12    Int: 19    God:
Gold:   5          SH:  0    Dex: 15    Spells: 7/8 levels left

rFire    . . .     SeeInvis .   e - +0 spear
rCold    + . .     Faith    .   (no shield)
rNeg     . . .     Spirit   .   c - +0 robe
rPois    .         Reflect  .   d - +0 helmet
rElec    .         Harm     .   (no cloak)
rCorr    .         Rampage  .   (no gloves)
Will     .....                  (no boots)
Stlth    ++........             (no amulet)
HPRegen  0.05/turn              a - ring of protection from cold
MPRegen  0.11/turn              (no ring)

@: no status effects
A: no striking features
a: no special abilities


You were on level 2 of the Dungeon.
You visited 1 branch of the dungeon, and saw 2 of its levels.

You collected 5 gold pieces.

Inventory:

Hand Weapons
 e - a +0 spear (weapon)
Missiles
 b - 57 stones
Armour
 c - a +0 robe (worn)
 d - a +0 helmet (worn)
Jewellery
 a - a ring of protection from cold (right hand)
Scrolls
 g - a scroll of enchant armour {unknown}
 h - 3 scrolls of identify {unknown}
 i - 3 scrolls of enchant weapon {unknown}
Potions
 f - a potion of cancellation {unknown}


   Skills:
 * Level 1.4 Fighting
 - Level 2.4 Dodging
 - Level 2.4 Stealth
 + Level 3.5 Spellcasting
 - Level 1.1 Transmutations
 + Level 3.6 Earth Magic


You had 7 spell levels left.
You knew the following spells:

 Your Spells              Type           Power      Damage    Failure   Level
a - Sandblast             Erth           34%        2d9       3%          1

Your spell library contained the following spells:

 Spells                   Type           Power      Damage    Failure   Level
 Passwall                 Tmut/Erth      10%        N/A       9%          2
 Stone Arrow              Conj/Erth      20%        3d8       21%         3
 Petrify                  Tmut/Erth      12%        N/A       47%         4
 Lee's Rapid Deconstruct  Erth           8%         3d8*      65%         5


Dungeon Overview and Level Annotations

Branches:
Dungeon (2/15)

Altars:


Message History

Casting: Sandblast (safe; 3% risk of failure)
Confirm with . or Enter, or press ? or * to list all spells.
You don't have enough magic to cast this spell. (Key replay stole keys) No previous command to re-do.
No previous command to re-do.
No previous command to re-do.
No previous command to re-do.
No previous command to re-do.
No previous command to re-do.
No previous command to re-do.
No previous command to re-do.
No previous command to re-do.
No previous command to re-do.
No previous command to re-do.
No previous command to re-do.
No previous command to re-do.
No previous command to re-do.
No previous command to re-do.
No previous command to re-do.
No previous command to re-do.
You closely miss the goblin. The goblin closely misses you.
You closely miss the goblin. The goblin barely misses you.
The goblin closely misses you. The goblin hits you.
You closely miss the goblin. The goblin barely misses you.
The goblin closely misses you.
You hit the goblin.
The goblin is severely wounded.
The goblin closely misses you. The goblin hits you.
* * * LOW HITPOINT WARNING * * *
Okay, then.
Casting: Sandblast (safe; 3% risk of failure)
Confirm with . or Enter, or press ? or * to list all spells.
Aiming: Sandblast (safe; 3% risk of failure)
Press: ? - help, Shift-Dir - straight line, f - goblin
Aim: a goblin (strong, 26% to evade)
The blast of sand hits the goblin!
You kill the goblin!
The goblin hits you.
You die... .# g# g# g# .# .# ##########)# ........@g.# ############

You could see a goblin (strong).

Vanquished Creatures
  Robin (D:2)
  A leopard gecko (D:1)
  4 goblins
  3 hobgoblins
  4 bats (D:1)
  A frilled lizard (D:1)
  2 kobolds (D:1)
  2 rats (D:1)
18 creatures vanquished.

Notes
Turn   | Place    | Note
-------+----------+-------------------------------------------
     0 | D:1      | Johnny the Deep Elf Earth Elementalist began the quest for
                  | the Orb.
     0 | D:1      | Reached XP level 1. HP: 10/10 MP: 6/6
   369 | D:1      | Reached XP level 2. HP: 8/16 MP: 5/8
   774 | D:1      | Reached skill level 1 in Fighting
   992 | D:2      | Noticed Robin
  1002 | D:2      | Killed Robin
  1007 | D:2      | Slain by a goblin

Illustrated notes

Levels and vault maps discovered:
D:1:      evilmike_arrival_hilbert_curve, layout_loops_ring
D:2:      layout_basic, uniq_robin, uniq_natasha, uniq_terence

Skill      XL: |  1  2 |
---------------+-------+-----
Fighting       | 1 |  1.4
Dodging        | |  2.4
Stealth        | |  2.4
Spellcasting   | |  3.5
Transmutations | |  1.1
Earth Magic    | |  3.6

Action                   || total
-------------------------++-------
Melee: Spear             ||    19
       Unarmed           ||     1
 Cast: Sandblast         ||    23
 Stab: Sleeping          ||     2
Armor: Robe              ||     6
Dodge: Dodged            ||    31

Table legend: (Time is in decaauts)
 A = Elapsed time spent in this place.
 B = Non-inter-level travel time spent in this place.
 C = Inter-level travel time spent in this place.
 D = Time resting spent in this place.
 E = Time spent auto-exploring this place.
 F = Levels seen in this place.
 G = Mean time per level.
                   A        B        C        D        E       F      G
               +--------+--------+--------+--------+--------+-----+--------+
         Total |   1007 |    977 |     30 |      0 |    869 |   2 |  503.5 |
       Dungeon |   1007 |    977 |     30 |      0 |    869 |   2 |  503.5 |
               +--------+--------+--------+--------+--------+-----+--------+

Top non-repeatable levels by time:
     D:1: 990 daAuts
     D:2: 17 daAuts
